 Dungeon Crawl Stone Soup version 0.28.0 (webtiles) character file.

Game seed: 7533486324483531637

35 Alacron the Sneak (level 3, 0/16 HPs)
             Began as a Spriggan Enchanter on Feb 16, 2022.
             Succumbed to an orc's poison
             ... on level 3 of the Dungeon.
             The game lasted 00:02:20 (1813 turns).

Alacron the Sneak (Spriggan Enchanter)              Turns: 1813, Time: 00:02:20

Health: 0/16       AC:  2    Str:  6    XL:     3   Next: 16%
Magic:  8/8        EV: 17    Int: 16    God:
Gold:   56         SH:  0    Dex: 15    Spells: 7/7 levels left

rFire   . . .      SeeInvis +   a - +1 dagger
rCold   . . .      Faith    .   (no shield)
rNeg    . . .      Spirit   .   b - +0 robe
rPois   .          Reflect  .   (helmet restricted)
rElec   .          Harm     .   (no cloak)
rCorr   .          Rampage  .   (gloves unavailable)
Will    .....                   (boots unavailable)
Stlth   +++.......              (no amulet)
HPRegen 0.05/turn               (no ring)
MPRegen 0.11/turn               (no ring)

@: lethally poisoned (0 -> -7), very quick
A: very small, no large weapons, unfitting armour, see invisible, speed 3
a: no special abilities


You were on level 3 of the Dungeon.
You visited 1 branch of the dungeon, and saw 3 of its levels.

You collected 56 gold pieces.

Inventory:

Hand Weapons
 a - a +1 dagger (weapon)
Armour
 b - a +0 robe (worn)
Jewellery
 e - a +6 ring of intelligence
Scrolls
 d - 2 scrolls of identify {unknown}
 f - a scroll of summoning {unknown}
 g - 2 scrolls of amnesia {unknown}
 h - a scroll of vulnerability {unknown}
 i - a scroll of immolation {unknown}
 j - 2 scrolls of teleportation {unknown}
Potions
 c - a potion of invisibility


   Skills:
 + Level 0.1 Fighting
 * Level 1.5 Short Blades
 + Level 3.0 Dodging
 * Level 5.5 Stealth
 + Level 2.8 Spellcasting
 + Level 4.0 Hexes


You had 7 spell levels left.
You didn't know any spells.
Your spell library contained the following spells:

 Spells                   Type           Power      Damage    Failure   Level
 Confusing Touch          Hex            15%        N/A       11%         3
 Tukima's Dance           Hex            15%        N/A       11%         3
 Ensorcelled Hibernation  Hex/Ice        16%        N/A       12%         2
 Dazzling Flash           Conj/Hex       16%        N/A       24%         3
 Summon Lightning Spire   Summ/Air       2%         N/A       88%         4
 Storm Form               Tmut/Air       1%         N/A       100%        7
 Maxwell's Capacitive Co  Air            1%         ∞         100%        8


Dungeon Overview and Level Annotations

Branches:
Dungeon (3/15)

Altars:

Shops:
D:3 *


Innate Abilities, Weirdness & Mutations

You are very small and have problems with some larger weapons.
You are too small for most types of armour.
You have supernaturally acute eyesight. (SInv)
You cover ground extremely quickly. (Speed+++)


Message History

You pick up a book of the Sky and begin reading...
You add the spells Summon Lightning Spire, Storm Form and Maxwell's Capacitive Coupling to your library.
Found Cyto Wasm's Assorted Antiques.
No target in view!
There is an entrance to Cyto Wasm's Assorted Antiques here.
No target in view!
j - 2 scrolls labelled YXTECU CASIV (gained 1)
An orc comes into view.
It is wielding a +0 dagger. 2 orcs come into view.
An orc is wielding a +2 dagger of venom.
The orc shouts! x3
The orc moves out of view.
There are monsters nearby!
Found a stone staircase leading down.
There are monsters nearby!
The orc barely misses you.
There are monsters nearby!
You closely miss the orc. The orc closely misses you.
The orc hits you with a +0 dagger.
There are monsters nearby!
You barely miss the orc. The orc closely misses you. The orc misses you.
The orc hits you with a +0 dagger.
There are monsters nearby!
You closely miss the orc. The orc closely misses you.
There are monsters nearby!
You closely miss the orc. The orc completely misses you.
The orc hits you but does no damage.
There are monsters nearby!
You barely miss the orc.
The orc hits you with a +2 dagger of venom.
You are lethally poisoned!
The orc hits you with a +0 dagger. x2
You hit the orc.
The orc is moderately wounded.
You feel sick. The orc barely misses you. The orc hits you with a +0 dagger.
* * * LOW HITPOINT WARNING * * *
The orc completely misses you.
* * * LOW HITPOINT WARNING * * *
You feel sick.
You die...

# #.# #.##.#...#.#
###.###.###..∩..#
...........#...#.#>#
###.#####...#.#..... #
#.#####....#...#.# .#
#....##.####.###.###.##
#..#.##.# #.###.......
###....##.####.##.....#
................@....#
###...#.######.##.o.##
##.###.## #.###o..#
#.## ##.# #....o...#
##.###.## ##.##........
##.#.## #.##....####
##..# .####### ##.# .#
#.#


You could see 3 orcs.

Vanquished Creatures
  A dart slug (D:1)
  3 bats
  3 endoplasms
  4 giant cockroaches
  A goblin (D:1)
  2 hobgoblins (D:2)
  2 quokkas (D:1)
  6 ball pythons
  A frilled lizard (D:1)
  5 kobolds
  3 rats (D:1)
31 creatures vanquished.

Notes
Turn   | Place    | Note
-------+----------+-------------------------------------------
     0 | D:1      | Alacron the Spriggan Enchanter began the quest for the Orb.
     0 | D:1      | Reached XP level 1. HP: 9/9 MP: 5/5
   204 | D:1      | Reached XP level 2. HP: 13/13 MP: 6/6
   226 | D:1      | Found a faded altar of an unknown god.
   295 | D:1      | Reached skill level 5 in Stealth
  1150 | D:2      | Reached XP level 3. HP: 16/16 MP: 8/8
  1752 | D:3      | Found Cyto Wasm's Assorted Antiques.
  1813 | D:3      | Succumbed to an orc's poison

Illustrated notes

Levels and vault maps discovered:
D:1:      dpeg_arrival_signposts, layout_rooms, chequers_ecumenical_altar_grove,
          roderic_serpentine_path
D:2:      layout_basic
D:3:      layout_loops_corners, amcnicky_altar_gilded, tso_altar, serial_shops,
          nicolae_shop_advertising_works [nicolae_subvault_shop_adworks],
          nicolae_shop_statue_plus, nicolae_shop_stone, shop,
          nicolae_diamond_shop, uniq_crazy_yiuf_cottage, uniq_ijyb,
          uniq_grinder, uniq_jessica

Skill      XL: |  1  2 |
---------------+-------+-----
Dodging        | 3 |  3.0
Stealth        | 5 |  5.5
Hexes          | 4 |  4.0
Fighting       | |  0.1
Short Blades   | |  1.5
Spellcasting   | |  2.8

Action                   || total
-------------------------++-------
Melee: Dagger            ||    77
 Stab: Sleeping          ||    17
Armor: Robe              ||     9
Dodge: Dodged            ||    48
